 Dungeon Crawl Stone Soup version 0.29-a0-352-g0917bc69df (webtiles) character file.

Game seed: 11338434169661882405

1417 Majang the Carver (level 8, -8/48 HPs)
             Began as a Tengu Gladiator on Apr 24, 2022.
             Was a Follower of Makhleb.
             Killed from afar by a manticore (18 damage)
             ... with a volley of spikes
             ... on level 5 of the Dungeon.
             The game lasted 00:16:01 (5639 turns).

Majang the Carver (Tengu Gladiator)                 Turns: 5639, Time: 00:16:01

Health: -8/48      AC:  6    Str: 14    XL:     8   Next: 71%
Magic:  11/11      EV: 20    Int:  8    God:    Makhleb [*.....]
Gold:   235        SH:  0    Dex: 19    Spells: 7/7 levels left

rFire   . . .      SeeInvis .   a - +0 long sword
rCold   . . .      Faith    .   (no shield)
rNeg    . . .      Spirit   .   o - +0 ring mail
rPois   +          Reflect  .   c - +1 hat
rElec   .          Harm     .   (no cloak)
rCorr   .          Rampage  .   (no gloves)
Will    .....                   (boots unavailable)
Stlth   +.........              (no amulet)
HPRegen 0.16/turn               q - +4 ring of evasion
MPRegen 0.12/turn               n - ring of poison resistance

@: spiked, flying quickly and evasively, quick
A: beak, talons 3, nimble flight
a: Renounce Religion


You were on level 5 of the Dungeon.
You worshipped Makhleb.
Makhleb was aware of your devotion.
You visited 2 branches of the dungeon, and saw 7 of its levels.

You collected 235 gold pieces.

Inventory:

Hand Weapons
 a - a +0 long sword (weapon)
Missiles
 d - 3 throwing nets (quivered)
 e - a javelin
Armour
 b - a +0 leather armour
 c - a +1 hat (worn)
 o - a +0 ring mail (worn)
Jewellery
 g - a ring of see invisible
 n - a ring of poison resistance (right hand)
 q - a +4 ring of evasion (left hand)
 t - a +4 ring of evasion
 C - an amulet of guardian spirit
Wands
 j - a wand of acid (10)
 r - a wand of digging (7)
 y - a wand of mindburst (6)
Scrolls
 f - 3 scrolls of immolation
 k - 2 scrolls of fog
 p - 2 scrolls of enchant armour
 u - a scroll of summoning
 A - a scroll of identify
 D - 2 scrolls of teleportation
Potions
 i - 2 potions of mutation
 l - a potion of invisibility
 m - 2 potions of attraction
 s - a potion of curing {unknown}
 v - a potion of magic {unknown}
 w - a potion of brilliance {unknown}
 x - a potion of ambrosia {unknown}
 z - a potion of berserk rage {unknown}
 B - a potion of resistance {unknown}
 E - a potion of heal wounds


   Skills:
 + Level 4.9 Fighting
 * Level 8.0 Long Blades
 - Level 2.0 Throwing
 + Level 3.9 Armour
 + Level 5.3 Dodging
 + Level 3.2 Invocations


You had 7 spell levels left.
You didn't know any spells.
Your spell library contained the following spells:

 Spells                   Type           Power      Damage    Failure   Level
 Magic Dart               Conj           0%         1d3       63%         1
 Searing Ray              Conj           0%         2d4       77%         2
 Fulminant Prism          Conj/Hex       0%         3d6       100%        4


Dungeon Overview and Level Annotations

Branches:
Dungeon (6/15)             Temple (1/1) D:5

Altars:
Ashenzari
Cheibriados
Dithmenos
Elyvilon
Fedhas
Hepliaklqana
Makhleb
Nemelex Xobeh
Qazlal
Ru
Trog
Xom
Zin
The Shining One

Shops:
D:2 ?


Innate Abilities, Weirdness & Mutations

You have a beak for a mouth.
You have claws for feet.
Your magical nature lets you fly swiftly and evasively.


Message History

The manticore closely misses you. The manticore claws you.
* * * LOW HITPOINT WARNING * * *
The manticore barely misses you.
Unknown command.
Okay, then.
You feel much better. The ufetubus completely misses you.
The ufetubus closely misses you.
Your adder barely misses the manticore.
The ufetubus hits you but does no damage.
The ufetubus completely misses you. The manticore bites you!!
* * * LOW HITPOINT WARNING * * *
The manticore completely misses you. The manticore barely misses you.
Your orc hits the manticore but does no damage.
Your orc wizard casts a spell at the ufetubus.
The magic dart hits the ufetubus!
The ufetubus dies!
Makhleb accepts your kill.
Your orc hits the manticore with a +0 short sword.
Your Long Blades skill increases to level 8!
You swap places.
Your adder bites the manticore but does no damage.
The manticore bites your necrophage! The manticore claws your necrophage! x2
Your necrophage is destroyed!
Your necrophage's corpse dissolves into shadows!
Unknown command.
You swap places.
Your orc hits the manticore with a +0 short sword. x2
Your adder bites the manticore.
The manticore is poisoned.
Your adder poisons the manticore!
Unknown command.
Your adder bites the manticore but does no damage.
The manticore bites your orc. The manticore claws your orc. x2
Your orc dies!
Your orc's corpse dissolves into shadows!
Your orc barely misses the manticore. x2
Your adder barely misses the manticore.
The manticore flicks its tail.
The volley of spikes misses your orc wizard.
The volley of spikes hits you!!
The barbed spikes become lodged in your body.
You die...

#.........# #.#######.# #.#
#.# #######.##### #.#
###### #...........# #..
#....# #...........#####
#....###................
#.......................
###......@....####..####..
#.........................
#...[.o........#.#..#####.
##.....oo.................)
#.....SH[.......#.....###..
#......o.....####..........
#............# #........##
#...........)####........##
####......###...#..........


You could see a manticore (very poisoned, ally target), a friendly orc wizard
(summoned), a friendly adder (summoned) and 3 friendly orcs.

Vanquished Creatures
  Prince Ribbit (D:5)
  Sigmund (D:2)
  Edmund (D:5)
  An orc warrior (D:5)
  A phantom (D:4)
  6 scorpions (D:5)
  2 howler monkeys (D:5)
  A jelly (D:5)
  3 orc priests
  Ijyb (D:5)
  An iguana (D:5)
  7 adders
  3 gnolls (D:2)
  An ufetubus (D:5)
  A worm (D:2)
  2 dart slugs
  9 orcs
  3 ball pythons
  2 endoplasms
  A giant cockroach (D:1)
  4 goblins
  5 hobgoblins
  3 jackals (D:1)
  3 quokkas
  4 bats
  2 frilled lizards (D:3)
  6 kobolds
  4 rats
  A spectral goblin (D:1)
80 creatures vanquished.

Vanquished Creatures (collateral kills)
  An ufetubus (D:5)
  2 orcs (D:4)
3 creatures vanquished.

Vanquished Creatures (others)
  5 plants (D:5)
5 creatures vanquished.

Grand Total: 88 creatures vanquished

Notes
Turn   | Place    | Note
-------+----------+-------------------------------------------
     0 | D:1      | Majang the Tengu Gladiator began the quest for the Orb.
     0 | D:1      | Reached XP level 1. HP: 12/12 MP: 2/2
   171 | D:1      | Reached XP level 2. HP: 15/17 MP: 3/3
   263 | D:1      | Found a faded altar of an unknown god.
   442 | D:1      | Reached skill level 4 in Long Blades
   792 | D:2      | Found Fojar's Magic Scroll Emporium.
   860 | D:2      | Reached XP level 3. HP: 22/22 MP: 4/4
  1140 | D:2      | Noticed Sigmund
  1611 | D:2      | Reached XP level 4. HP: 21/27 MP: 5/5
  1793 | D:3      | Found a glowing golden altar of the Shining One.
  1793 | D:3      | Found a glowing silver altar of Zin.
  1793 | D:3      | Found a burning altar of Makhleb.
  1804 | D:3      | Became a worshipper of Makhleb the Destroyer
  2017 | D:3      | Reached skill level 5 in Long Blades
  2152 | D:3      | Gained mutation: Your magical nature lets you fly swiftly
                  | and evasively. [Tengu growth]
  2152 | D:3      | Reached XP level 5. HP: 27/32 MP: 6/6
  3380 | D:5      | Entered Level 5 of the Dungeon
  3428 | D:5      | Reached skill level 1 in Armour
  3428 | D:5      | Reached skill level 1 in Invocations
  3428 | D:5      | Reached XP level 6. HP: 37/37 MP: 7/7
  3445 | D:5      | Reached * piety under Makhleb
  3471 | D:5      | Noticed Ijyb
  3484 | D:5      | Killed Ijyb
  3485 | D:5      | Reached skill level 6 in Long Blades
  3523 | D:5      | Reached XP level 7. HP: 31/42 MP: 9/9
  3628 | D:5      | Found a hazy altar of Hepliaklqana.
  3828 | D:5      | Noticed Prince Ribbit
  3829 | D:5      | Found a staircase to the Ecumenical Temple.
  4002 | D:5      | Killed Prince Ribbit
  4165 | D:5      | Noticed Edmund
  4178 | D:5      | Killed Edmund
  4179 | D:5      | Reached skill level 7 in Long Blades
  4179 | D:5      | Reached XP level 8. HP: 38/48 MP: 10/10
  4575 | D:2      | Killed Sigmund
  4576 | D:2      | Reached skill level 5 in Dodging
  4968 | Temple   | Entered the Ecumenical Temple
  5535 | D:6      | Noticed a manticore
  5636 | D:5      | Reached skill level 8 in Long Blades
  5639 | D:5      | Killed from afar by a manticore

Illustrated notes

Levels and vault maps discovered:
D:1:      nzn_arrival_crosshair, layout_loops_cross,
          dreamdust_ecumenical_altar_drowned_temple
D:2:      layout_loops_ring, serial_shops, shop, item_on_display_a, uniq_sigmund
D:3:      layout_loops_ring, chequers_temple_overflow_statue_of_worship,
          kennysheep_cross_room
D:4:      layout_rooms
D:5:      layout_basic, mainiacjoe_overflow_chevrons,
          minmay_temple_entry_butterflies, uniq_edmund, uniq_ijyb,
          uniq_prince_ribbit1
D:6:      cheibrodos_fzero, layout_basic, mainiacjoe_overflow_catwalk_spiral,
          uniq_maggie
Temple:   cyrus_temple_forest

Skill      XL: |  1  2  3  4  5  6  7  8 |
---------------+-------------------------+-----
Long Blades    | 4 5 6 7 8 |  8.0
Fighting       | 3 4 |  4.9
Armour         | 1 2 3 |  3.9
Invocations    | 1 2 3 |  3.2
Dodging        | 4 5 |  5.3
Throwing       | |  2.0

Action                   |  1- 3 |  4- 6 |  7- 9 || total
-------------------------+-------+-------+-------++-------
Melee: Long sword        |    62 |    76 |    96 ||   234
       Kick              |    19 |    22 |    25 ||    66
       Peck              |     6 |    18 |    26 ||    50
       Punch             |       |       |     4 ||     4
  Use: Scroll            |       |    12 |     3 ||    15
       Potion            |       |     2 |     2 ||     4
 Stab: Sleeping          |       |     1 |       ||     1
       Invisible         |       |     3 |       ||     3
Armor: Leather armour    |    19 |     3 |       ||    22
       Ring mail         |       |     4 |    18 ||    22
Dodge: Dodged            |    36 |    68 |   119 ||   223

Table legend: (Time is in decaauts)
 A = Elapsed time spent in this place.
 B = Non-inter-level travel time spent in this place.
 C = Inter-level travel time spent in this place.
 D = Time resting spent in this place.
 E = Time spent auto-exploring this place.
 F = Levels seen in this place.
 G = Mean time per level.
                   A        B        C        D        E       F      G
               +--------+--------+--------+--------+--------+-----+--------+
         Total |   5474 |   4832 |    642 |   1697 |   2137 |   7 |  782.0 |
       Dungeon |   5386 |   4744 |    642 |   1697 |   2137 |   6 |  897.7 |
        Temple |     88 |     88 |      0 |      0 |      0 |   1 |   88.0 |
               +--------+--------+--------+--------+--------+-----+--------+

Top non-repeatable levels by time:
     D:5: 1427 daAuts
     D:2: 1148 daAuts
     D:3: 1061 daAuts
     D:1: 1047 daAuts
     D:4: 679 daAuts
  Temple: 88 daAuts
     D:6: 21 daAuts
